 Dungeon Crawl Stone Soup version 0.31-a0-846-gb3bcc0d938 (webtiles) character file.

Game seed: 9385833750208947395

5 wildpjah the Ducker (level 1, 0/16 HPs)
             Began as a Merfolk Gladiator on Oct 3, 2023.
             Frozen to death by an endoplasm (5 damage)
             ... on level 1 of the Dungeon.
             The game lasted 00:00:07 (50 turns).

wildpjah the Ducker (Merfolk Gladiator)               Turns: 50, Time: 00:00:07

Health: 0/16       AC:  4    Str: 14    XL:     1   Next: 80%
Magic:  1/1        EV: 13    Int:  7    God:
Gold:   0          SH:  0    Dex: 15    Spells: 0/0 levels left

rFire   . . .        a - +0 long sword
rCold   . . .        (no shield)
rNeg    . . .        b - +0 leather armour
rPois   .            c - +0 helmet
rElec   .            (no cloak)
rCorr   .            (no gloves)
SInv    .            (no boots)
Will    .....        (no amulet)
Stlth   +            (no ring)
HPRegen 0.22/turn    (no ring)
MPRegen 0.07/turn

%: no passive effects
@: no status effects
A: (nimble swimmer 2), mertail
a: no special abilities


You were on level 1 of the Dungeon.
You visited 1 branch of the dungeon, and saw 1 of its levels.

Inventory:

Hand Weapons
 a - a +0 long sword (weapon)
Missiles
 d - 3 throwing nets (quivered)
 e - a javelin
Armour
 b - a +0 leather armour (worn)
 c - a +0 helmet (worn)


   Skills:
 + Level 2.2 Fighting
 + Level 3.8 Long Blades
 + Level 2.0 Throwing
 + Level 4.2 Dodging


You couldn't memorise any spells.
You didn't know any spells.
Your spell library was empty.

Dungeon Overview and Level Annotations

Branches:
Dungeon (1/15)

Altars:


Innate Abilities, Weirdness & Mutations

((You are very nimble when in or above water. (Stealth+, EV+, Speed+++)))
Your lower body shifts to a powerful aquatic tail in water.


Message History

You are too injured to fight recklessly!
You are too injured to fight recklessly!
You are too injured to fight recklessly!
You are too injured to fight recklessly!
You are too injured to fight recklessly!
The jackal bites you but does no damage.
The jackal bites you.
You see here a jackal corpse.
The kobold attacks as it pursues you! The kobold hits you but does no damage.
The jackal bites you but does no damage.
The endoplasm quivers.
The jackal attacks as it pursues you! The jackal barely misses you.
The kobold attacks as it pursues you! The kobold hits you but does no damage.
The jackal closely misses you.
You hit the jackal.
The jackal is almost dead.
The jackal bites you but does no damage.
The jackal barely misses you.
You closely miss the jackal.
The jackal is almost dead.
The jackal barely misses you. x2
You hit the jackal but do no damage.
The jackal is almost dead.
The jackal bites you.
You completely miss the jackal.
The jackal is almost dead.
The jackal barely misses you. The jackal closely misses you.
You hit the jackal.
You kill the jackal!
You hit the endoplasm.
The endoplasm is severely wounded.
The endoplasm hits you. The endoplasm freezes you.
You are frozen.
* * * LOW HITPOINT WARNING * * *
You hit the endoplasm.
The endoplasm is almost dead.
The endoplasm freezes you.
You are frozen.
You die...

#.## ..# # #J#
#.##.## #..††.#
####..# #..#
####..# #.@JK.#
###########.###.#
.........##§# .#
########.##§# .#
#.##§# .# #..§§#
.# #..§§# ##
#..§§# #....#


You could see an endoplasm and a kobold.

Vanquished Creatures
  4 jackals (D:1)
4 creatures vanquished.

Notes
Turn   | Place    | Note
-------+----------+-------------------------------------------
     0 | D:1      | wildpjah the Merfolk Gladiator began the quest for the Orb.
     0 | D:1      | Reached XP level 1. HP: 16/16 MP: 1/1
    50 | D:1      | Frozen to death by an endoplasm

Illustrated notes

Levels and vault maps discovered:
D:1:      dpeg_arrival_fog, layout_loops_ring

Action                     || total
---------------------------++-------
  Melee: Long sword        ||    19
 Armour: Leather armour    ||    20
  Dodge: Dodged            ||    18

Table legend: (Time is in decaauts)
 A = Elapsed time spent in this place.
 B = Non-inter-level travel time spent in this place.
 C = Inter-level travel time spent in this place.
 D = Time resting spent in this place.
 E = Time spent auto-exploring this place.
 F = Levels seen in this place.
 G = Mean time per level.
                   A        B        C        D        E       F      G
               +--------+--------+--------+--------+--------+-----+--------+
         Total |     53 |     53 |      0 |      0 |     21 |   1 |   53.0 |
       Dungeon |     53 |     53 |      0 |      0 |     21 |   1 |   53.0 |
               +--------+--------+--------+--------+--------+-----+--------+

Top non-repeatable levels by time:
     D:1: 53 daAuts
